Map: Oxide LE

Players

Kelazhur

  • Race: Terran Terran

Erik - Winner!

  • Race: Zerg Zerg

Event: DreamHack SC2 Masters 2021 Winter

VOD

Have the link to the VOD?

Description

Time

  • Played on: Sept. 29, 2021, 5:23 p.m.
  • Length: 13:50

All games in this series

Show
View Real Time Build Order
Export as new Build Order

Kelazhur Terran 

Build Orders: Hellion Opening, Reaper Expand 

Get SALT Encoding   

  12  0:00  SCV  
  13  0:12  SCV  
  14  0:17  Supply Depot  
  14  0:24  SCV  
  15  0:38  SCV  
  15  0:40  Barracks  
  16  0:43  Refinery  
  16  0:50  SCV  
  17  1:02  SCV  
  18  1:15  SCV  
  19  1:26  Reaper  
  19  1:28  Orbital Command  
  20  1:39  Command Center  
  20  1:48  Supply Depot  
  20  1:53  SCV  
  21  1:58  Marine  
  22  2:04  Factory  
  23  2:08  SCV  
  23  2:19  Barracks Reactor  
  23  2:20  SCV  
  24  2:34  SCV  
  25  2:42  Command Center  
  25  2:46  SCV  
  25  2:50  Orbital Command  
  26  3:00  Starport, SCV  
  27  3:07  Hellion  
  27  3:10  Hellion  
  31  3:13  SCV  
  31  3:16  SCV  
  31  3:17  Barracks Tech Lab  
  33  3:21  Refinery  
  33  3:25  SCV  
  34  3:31  SCV  
  34  3:33  Hellion x2  
  39  3:37  SCV  
  40  3:43  SCV  
  44  3:49  SCV  
  44  3:55  SCV  
  46  3:56  Orbital Command  
  46  3:59  Hellion x2  
  50  4:04  SCV  
  50  4:05  Raven  
  50  4:07  SCV  
  51  4:12  Barracks Tech Lab  
  51  4:13  Supply Depot  
  51  4:16  SCV  
  52  4:19  SCV  
  52  4:21  Hellion x2  
  57  4:24  SCV  
  57  4:28  SCV  
  57  4:30  Marine  
  57  4:31  Stimpack, SCV  
  60  4:36  Supply Depot  
  60  4:37  SCV  
  62  4:40  SCV  
  62  4:43  Hellion x2  
  62  4:44  SCV  
  68  4:49  SCV  
  69  4:53  Barracks  
  69  4:55  Starport Reactor  
  69  4:57  SCV x2, Barracks  
  71  5:01  Supply Depot  
  71  5:02  Supply Depot  
  71  5:03  Supply Depot, SCV  
  72  5:08  Marine  
  72  5:09  SCV x2  
  72  5:12  Refinery  
  72  5:14  Refinery, Engineering Bay x2  
  75  5:16  SCV  
  76  5:22  SCV  
  76  5:26  Marine  
  76  5:38  SCV  
  76  5:42  SCV  
  76  5:43  Terran Infantry Weapons Level 1, Terran Infantry Armor Level 1, Barracks  
  76  5:44  Marine  
  76  5:45  Barracks  
  76  5:46  Orbital Command  
  79  5:53  SCV  
  79  5:54  Factory Reactor  
  82  6:02  Marine x2  
  82  6:03  SCV, Marine  
  82  6:08  SCV  
  82  6:09  Starport Reactor, Armory  
  82  6:10  Marine x2  
  85  6:13  SCV  
  85  6:14  Siege Tank  
  89  6:20  Marine x2  
  89  6:21  Marine  
  89  6:24  Combat Shield  
  93  6:25  SCV x2  
  93  6:26  SCV  
  93  6:28  Marine  
  93  6:30  Barracks Reactor, Barracks  
  93  6:31  Barracks  
  93  6:32  Barracks  
  96  6:37  SCV  
  96  6:38  SCV  
  98  6:40  Supply Depot  
  98  6:42  Marine x3  
  98  6:43  Supply Depot  
  101  6:50  Barracks Reactor  
  101  6:52  SCV  
  101  7:01  Supply Depot, Medivac x2, Marine x2  
  101  7:02  SCV x2  
  101  7:04  Siege Tank  
  101  7:05  SCV  
  113  7:11  Marine x4  
  113  7:13  Supply Depot  
  117  7:21  Barracks Tech Lab x3  
  117  7:22  SCV x2, Marine x3  
  122  7:23  Supply Depot  
  122  7:29  Marine x2  
  119  7:30  Marine x2  
  119  7:34  Marine  
  119  7:36  Medivac x2, Siege Tank, Marine  
  114  7:40  Marauder, Marine x2  
  114  7:42  Marine x2  
  114  7:43  SCV  
  113  7:45  Marine  
  113  7:48  Marine  
  113  7:49  Terran Infantry Weapons Level 2  
  115  7:54  Marine  
  115  7:56  Marine x4  
  115  7:57  Marine  
  115  7:58  Marine  
  122  7:59  Marine  
  122  8:00  Marine  
  122  8:01  Terran Infantry Armor Level 2, Marine  
  122  8:05  Marine  
  126  8:10  Missile Turret  
  126  8:13  Marine  
  126  8:17  Marine  
  126  8:18  Marauder x2  
  132  8:22  Medivac  
  132  8:25  Marine  
  132  8:26  Marauder  
  132  8:28  Marine  
  132  8:29  Marine x5  
  132  8:30  Siege Tank, Marine  
  132  8:35  Marine  
  132  8:39  Marine x2  
  135  8:42  Supply Depot  
  135  8:43  Supply Depot, Marine  
  135  8:45  Supply Depot  
  135  8:46  Marine  
  135  8:47  Medivac  
  139  8:51  SCV x2, Refinery  
  139  8:52  Refinery  
  141  8:55  Supply Depot  
  141  8:56  Concussive Shells  
  141  9:01  Missile Turret  
  141  9:03  Medivac, Marine  
  141  9:04  Marauder, SCV  
  141  9:06  Marauder, Marine  
  149  9:12  Marauder, Marine  
  149  9:18  Marauder  
  149  9:20  Marine x5  
  149  9:21  Marine  
  149  9:22  Siege Tank  
  119  9:24  Marine  
  119  9:25  Marauder  
  119  9:27  Marine  
  119  9:30  Marine  
  98  9:33  Marine  
  98  9:38  Marine x5  
  98  9:39  Marauder, Marine  
  98  9:41  Orbital Command  
  98  9:42  Marine  
  103  9:45  Marauder  
  103  9:47  Marauder  
  103  9:48  Marine  
  103  9:52  Marauder  
  102  9:56  Marine x5  
  106  10:01  Marauder, Siege Tank  
  106  10:05  Marine  
  114  10:07  Marauder  
  114  10:08  Marauder  
  114  10:12  Marine  
  114  10:13  Marauder, Marine x2  
  110  10:18  Marine  
  81  10:22  Marauder  
  81  10:23  Marine  
  81  10:24  Marine  
  81  10:25  Marine  
  72  10:28  Marauder  
  72  10:29  Marauder  
  72  10:30  Marine x2  
  72  10:33  Siege Tank  
  79  10:41  Marauder, Marine  
  78  10:44  SCV x3  
  78  10:49  Marine x2  
  82  10:55  Marauder, Marine x2  
  82  10:56  SCV x2  
  89  11:02  Marine  
  89  11:03  Marine  
  91  11:05  Medivac  
  91  11:08  Marine  
  91  11:09  Marauder  
  96  11:13  Marauder, Marine  
  96  11:17  Orbital Command  
  99  11:20  Siege Tank  
  99  11:24  Marauder  
  99  11:29  Marauder  
  99  11:32  Marine  
  102  11:33  Marauder  
  102  11:37  Marine  
  102  11:38  Marauder, Marine  
  102  11:39  Marine  
  108  11:45  SCV x3  
  111  11:47  Marine  
  111  11:52  Marauder  
  114  11:54  Marine  
  117  12:13  Marine  
  117  12:14  Marine  
  117  12:17  Supply Depot  
  117  12:19  Supply Depot  
  117  12:23  Supply Depot  
  117  12:35  Marauder  
  117  12:39  Siege Tank  
  118  12:44  Marauder, Marine x6  
  118  12:49  Medivac  
  118  12:50  Medivac  
  130  12:58  Marauder  
  132  13:01  Marauder  
  134  13:09  Marauder, Marine  
  134  13:12  Marauder, Marine x2  
  140  13:26  Marauder  
  141  13:31  Marine  
Show
View Real Time Build Order
Export as new Build Order

Erik Zerg - Winner!

Build Orders: Hatch First, Lurkers 

Get SALT Encoding   

  12  0:00  Drone  
  13  0:12  Overlord  
  13  0:16  Drone  
  14  0:30  Drone x2  
  16  0:47  Hatchery  
  15  0:50  Drone  
  15  0:53  Drone  
  17  0:57  Drone  
  18  1:07  Extractor  
  17  1:13  Spawning Pool  
  17  1:15  Drone  
  17  1:18  Drone  
  18  1:27  Drone  
  19  1:38  Drone  
  20  1:49  Drone  
  21  1:59  Queen x2  
  21  2:00  Zergling x4  
  27  2:15  Hatchery  
  26  2:19  Overlord  
  26  2:20  Drone  
  27  2:24  Drone  
  28  2:33  Metabolic Boost  
  27  2:40  Drone x3  
  30  2:44  Queen  
  30  2:48  Overlord  
  32  2:53  Drone x2  
  32  2:56  Drone  
  35  3:08  Drone x2  
  37  3:13  Drone x2, Overlord  
  37  3:15  Drone  
  40  3:25  Drone, Queen  
  43  3:29  Drone x2  
  43  3:33  Drone  
  43  3:34  Queen  
  46  3:38  Overlord  
  48  3:41  Overlord  
  48  3:44  Zergling x6  
  48  3:48  Extractor  
  50  3:49  Drone x3  
  54  3:56  Drone x3  
  54  3:58  Drone  
  54  4:01  Drone x2  
  60  4:12  Queen  
  60  4:13  Queen  
  60  4:15  Overlord  
  64  4:18  Zergling x4  
  64  4:19  Drone  
  64  4:20  Lair  
  64  4:24  Drone x2  
  69  4:35  Drone x8  
  77  4:38  Extractor, Roach Warren  
  77  4:40  Extractor  
  77  4:42  Drone x2  
  76  4:46  Extractor  
  76  4:47  Drone x5  
  80  4:55  Spore Crawler x2  
  80  4:56  Drone  
  80  4:57  Spore Crawler  
  78  5:01  Zergling x4  
  78  5:04  Zergling x2  
  81  5:08  Overlord  
  81  5:09  Overlord x3  
  81  5:12  Overlord  
  81  5:18  Overlord  
  81  5:20  Evolution Chamber  
  80  5:21  Drone, Evolution Chamber  
  80  5:23  Extractor  
  80  5:24  Extractor  
  78  5:33  Roach x9  
  90  5:39  Glial Reconstitution  
  90  5:41  Drone x3  
  92  5:45  Drone x2  
  94  5:50  Drone  
  94  5:54  Drone x2  
  95  5:59  Drone x3  
  95  6:03  Drone  
  95  6:04  Drone x3  
  101  6:08  Zerg Missile Weapons Level 1  
  101  6:10  Overlord  
  102  6:12  Hatchery  
  101  6:23  Overlord  
  101  6:25  Roach x6  
  112  6:33  Overlord  
  112  6:34  Roach x3  
  117  6:49  Roach x2  
  117  6:50  Roach x6  
  117  6:53  Zerg Ground Armor Level 1  
  132  6:57  Overlord  
  132  7:00  Overlord  
  132  7:04  Roach  
  132  7:05  Roach x5  
  145  7:08  Ravager x2  
  145  7:09  Ravager x2  
  148  7:16  Zergling x2  
  148  7:17  Zergling x10  
  154  7:24  Roach  
  154  7:25  Roach x4  
  136  7:41  Roach x10  
  146  7:49  Roach x6  
  158  7:57  Ravager x3  
  161  7:59  Roach x3  
  161  8:04  Overlord x2  
  161  8:05  Overlord x2  
  167  8:19  Zerg Missile Weapons Level 2  
  156  8:29  Roach x12  
  174  8:37  Roach x3  
  174  8:38  Roach x2  
  174  8:41  Ravager  
  185  8:42  Ravager x2  
  185  8:48  Zergling x14  
  194  8:49  Zergling x2  
  194  8:51  Ravager x2  
  197  8:57  Zerg Ground Armor Level 2  
  197  9:11  Overlord  
  197  9:13  Overlord  
  197  9:14  Roach  
  156  9:25  Roach x12  
  170  9:34  Roach x5  
  175  9:59  Drone  
  177  10:00  Drone x3  
  177  10:02  Roach x4  
  177  10:03  Infestation Pit, Roach x5  
  146  10:22  Roach  
  146  10:23  Roach x9  
  140  10:29  Drone x2  
  140  10:32  Extractor x2  
  135  10:43  Hive  
  135  10:46  Hydralisk Den  
  135  10:47  Pathogen Glands  
  135  10:48  Drone x2  
  136  10:51  Spore Crawler  
  136  10:52  Spore Crawler  
  136  10:55  Ravager  
  136  10:56  Roach x12  
  159  11:15  Drone  
  160  11:22  Infestor x2  
  160  11:23  Infestor x2  
  166  11:27  Lurker Den  
  163  11:38  Zergling x4  
  163  11:39  Zergling x22  
  174  11:49  Hatchery  
  174  11:53  Zerg Melee Weapons Level 1  
  173  12:00  Burrow  
  173  12:02  Overlord  
  173  12:19  Hydralisk x5  
  173  12:20  Hydralisk x2  
  189  12:26  Seismic Spines  
  175  12:45  Lurker x6, Extractor  
  175  12:49  Extractor  
  179  12:58  Lurker  
  179  13:01  Spine Crawler  
  179  13:02  Spine Crawler  
  179  13:04  Spine Crawler  
  175  13:11  Viper x2  

Tags
 
Add a new tag
Caveats
  • Supply blocks, unpowered buildings, or Contaminate may cause inaccurate times.
  • Supply counts are checked every 10 seconds.